 Dungeon Crawl Stone Soup version 0.21.1-1-g345015fe64 (webtiles) character file.

34 Brecoman the Vexing (level 3, -3/20 HPs)
             Began as a Kobold Arcane Marksman on June 23, 2018.
             Slain by a white imp (5 damage)
             ... summoned by Natasha
             ... on level 2 of the Dungeon.
             The game lasted 00:10:03 (1305 turns).

Brecoman the Vexing (Kobold Arcane Marksman)        Turns: 1305, Time: 00:10:05

Health: -3/20      AC:  2    Str:  7    XL:     3   Next: 50%
Magic:  4/4        EV: 15    Int: 15    God:
Gold:   48         SH:  0    Dex: 15    Spells: 1/4 levels left

rFire    . . .     SeeInvis .   a - +0 hand crossbow
rCold    . . .     Gourm    .   (shield restricted)
rNeg     . . .     Faith    .   e - +0 robe
rPois    .         Spirit   .   (no helmet)
rElec    .         Reflect  .   (no cloak)
rCorr    .         Harm     .   (no gloves)
MR       .....                  (no boots)
Stlth    ++........             (no amulet)
HPRegen  0.06/turn              (no ring)
MPRegen  0.09/turn              (no ring)

@: no status effects
A: small, carnivore
a: no special abilities


You were on level 2 of the Dungeon.
You were full.

You visited 1 branch of the dungeon, and saw 2 of its levels.

You collected 48 gold pieces.

Inventory:

Hand Weapons
 a - a +0 hand crossbow (weapon)
 r - a +1 dagger of electrocution
Missiles
 d - 26 bolts (quivered)
 h - 3 needles of confusion
 n - 67 stones
Armour
 e - a +0 robe (worn)
Jewellery
 q - an uncursed amulet of regeneration {unknown}
 s - an uncursed ring of stealth {unknown}
Scrolls
 b - a scroll of enchant weapon {unknown}
 i - a scroll of teleportation {unknown}
 j - a scroll of magic mapping {unknown}
 l - a scroll of random uselessness {unknown}
 o - 2 scrolls of remove curse {unknown}
Potions
 g - a potion of flight {unknown}
 k - 4 potions of curing {unknown}
 p - a potion of ambrosia {unknown}
Books
 c - a book of Debilitation

   Spells                             Type                      Level
   a - Corona                         Hexes                        1
   b - Slow                           Hexes                        2
   c - Inner Flame                    Hexes/Fire                   3
   d - Portal Projectile              Hexes/Translocation          3
   e - Cause Fear                     Hexes                        4
   f - Leda's Liquefaction            Hexes/Earth                  4
Comestibles
 f - 3 rations
 m - a chunk of flesh


   Skills:
 - Level 1.1 Fighting
 + Level 3.1 Crossbows
 + Level 2.8 Dodging
 + Level 1.4 Stealth
 - Level 1.1 Spellcasting
 * Level 3.5 Hexes


You had one spell level left.
You knew the following spells:

 Your Spells              Type           Power        Failure   Level  Hunger
a - Corona                Hex            ##.....      6%          1    ##.....
b - Slow                  Hex            ##......     9%          2    ###....


Dungeon Overview and Level Annotations

Branches:
Dungeon (2/15)

Altars:

Annotations:
D:2 Natasha, Robin


Innate Abilities, Weirdness & Mutations

You are small and have problems with some larger weapons.
You are carnivorous and can eat meat at any time.


Message History

The bat closely misses you. The bat hits you but does no damage. x2
Natasha casts a spell.
The bat barely misses you. The bat closely misses you.
The bat completely misses you.
Natasha casts a spell.
The bat hits you but does no damage.
The giant cockroach bites you but does no damage.
The white imp gestures at you. The puff of frost misses you.
The bat barely misses you. Natasha misses you. The giant cockroach misses you.
You see here a runed steel ring.
The giant cockroach bites you but does no damage.
Robin roars a battlecry!
The goblin goes into a battle-frenzy!
The white imp hits you.
* * * LOW HITPOINT WARNING * * *
The white imp freezes you.
You die...

#########
###############
#.......#
#.......g...g.# ##
#...>...#
#.b..s..#####.###.#
#.......#
#.5s....##.....s..#
##.......#
#.@5hg..##........#
#........#
##########.........
#........#######
#..s.....#
####........##....#
#...g....#
............##....#
#.....g...
####........##[...#
####'#.#..
.........#####....####
#.#.##.
...#.................#
#......
...#########รท........#
#.#..#.


You could see Robin, Natasha, a crimson imp, a white imp, 2 giant cockroaches, a
goblin and a bat.

Vanquished Creatures
  An ooze (D:2)
  A worm (D:2)
  2 bats (D:1)
  3 hobgoblins
  A quokka (D:2)
  12 goblins
  2 kobolds
  3 rats
25 creatures vanquished.

Notes
Turn   | Place    | Note
-------+----------+-------------------------------------------
     0 | D:1      | Brecoman the Kobold Arcane Marksman began the quest for the Orb.
     0 | D:1      | Reached XP level 1. HP: 12/12 MP: 2/2
   267 | D:1      | Reached XP level 2. HP: 16/16 MP: 1/3
   271 | D:1      | Learned a level 2 spell: Slow
   830 | D:2      | Noticed Robin
   836 | D:2      | Found a faded altar of an unknown god.
   948 | D:2      | Reached skill level 1 in Stealth
  1089 | D:2      | Reached XP level 3. HP: 20/20 MP: 4/4
  1241 | D:2      | Noticed Natasha
  1305 | D:2      | Slain by a white imp

Skill      XL: |  1  2 |
---------------+-------+-----
Stealth        | 1 |  1.4
Crossbows      | 3 |  3.1
Fighting       | |  1.1
Dodging        | |  2.8
Spellcasting   | |  1.1
Hexes          | |  3.5

Action                   || total
-------------------------++-------
 Fire: Hand crossbow     ||    58
 Cast: Corona            ||     6
       Slow              ||     5
  Eat: Chunk             ||     6
Armor: Robe              ||    15
Dodge: Dodged            ||    43
